AoeStats
← HighTowerM8

MegaRandom

510847004Analyzed
2v2 RM · 21h ago on Oct 2, 2026· 61m 15s· 4 players
Game mode
Random Map
Map size
Medium (4 player)
Population
200
Speed
Normal
Resources
Standard
Victory
Conquest
Starting age
Dark Age
Ending age
Imperial Age
RankedLock teamsTeams togetherTeam positionsShared explorationLock speedFull tech treeHidden civsTurbo modeCheats
Victory
Defeat
🇬🇧 Bulgarians · United Kingdom
899
+18
🇱🇻 Magyars · Latvia
890
+18
🇨🇿 Goths · Czechia
956
-18
🇹🇷 Varangians · Türkiye
934
-18
Ernc
5:21 Loom
10:33 Feudal Age
11:20 Double-Bit Axe
12:12 Horse Collar
13:06 Town Watch
18:01 Castle Age
18:23 Gold Mining
18:44 Scale Barding Armor
19:00 Bow Saw
19:17 Heavy Plow
18:49 Elite Skirmisher
19:37 Pikeman
21:51 Bloodlines
22:08 Stone Mining
22:29 Squires
26:29 Fervor
28:38 Vendel Legacy
30:33 Wheelbarrow
33:34 Imperial Age
31:32 Hand Cart
32:22 Ballistics
34:01 Chain Barding Armor
33:52 Forging
33:59 Husbandry
33:24 Light Cavalry
35:20 Plate Barding Armor
35:40 Conscription
35:41 Town Patrol
35:26 Cavalier
36:36 Gothikon
38:52 Chemistry
38:03 Masonry
40:06 Iron Casting
41:50 Heavy Scorpion
43:52 Blast Furnace
43:43 Elite Jarl
45:38 Fletching
47:11 Architecture
57:32 Bodkin Arrow
amorcz
2:04 Loom
9:42 Feudal Age
10:25 Double-Bit Axe
11:49 Double-Bit Axe
14:23 Man-at-Arms
16:53 Horse Collar
18:17 Forging
18:08 Scale Mail Armor
22:12 Castle Age
20:50 Fletching
21:20 Stone Mining
21:20 Gold Mining
23:07 Bow Saw
23:15 Elite Skirmisher
23:59 Squires
24:46 Wheelbarrow
27:13 Heavy Plow
28:18 Anarchy
30:31 Town Watch
34:45 Imperial Age
33:04 Iron Casting
32:13 Pikeman
33:18 Chain Mail Armor
35:21 Ballistics
34:57 Murder Holes
35:06 Halberdier
37:42 Two-Man Saw
37:54 Blast Furnace
36:51 Bodkin Arrow
38:32 Perfusion
40:41 Chemistry
40:46 Bracer
45:29 Elite Huskarl
47:07 Hand Cart
MasterEdzis
11:29 Feudal Age
12:04 Loom
16:04 Castle Age
15:59 Double-Bit Axe
18:12 Scale Barding Armor
24:13 Corvinian Army
25:06 Bloodlines
26:55 Corvinian Army
27:33 Wheelbarrow
27:36 Bow Saw
28:06 Chain Barding Armor
29:03 Horse Collar
29:18 Stone Mining
30:12 Hand Cart
30:15 Husbandry
33:45 Imperial Age
35:12 Plate Barding Armor
35:00 Conscription
34:05 Elite Magyar Huszar
35:01 Thumb Ring
37:38 Parthian Tactics
39:59 Heavy Cavalry Archer
41:07 Ballistics
41:48 Chemistry
42:15 Heavy Plow
42:50 Gold Mining
48:45 Padded Archer Armor
48:36 Fletching
53:34 Bodkin Arrow
53:55 Leather Archer Armor
58:20 Bracer
58:51 Ring Archer Armor
HighTowerM8
0:30 Loom
10:08 Feudal Age
11:47 Horse Collar
11:55 Double-Bit Axe
19:20 Castle Age
17:23 Stone Mining
17:33 Gold Mining
20:58 Forging
20:49 Scale Mail Armor
22:08 Wheelbarrow
22:03 Gambesons
22:03 Arson
23:01 Iron Casting
25:09 Squires
27:40 Heavy Plow
30:02 Stone Shaft Mining
29:49 Bow Saw
30:58 Gold Shaft Mining
31:27 Hand Cart
35:58 Imperial Age
33:47 Chain Mail Armor
33:38 Scale Barding Armor
33:24 Fletching
32:58 Pikeman
33:51 Bloodlines
33:50 Husbandry
35:28 Chain Barding Armor
35:42 Stirrups
37:27 Conscription
37:13 Bagains
38:21 Blast Furnace
37:51 Plate Mail Armor
38:07 Plate Barding Armor
38:45 Plate Mail Armor
38:12 Bodkin Arrow
38:48 Town Watch
40:32 Caravan
40:14 Elite Konnik
42:32 Masonry
42:55 Ballistics
43:40 Chemistry
50:00 Siege Engineers
50:26 Architecture
49:52 Murder Holes
55:29 Bracer
57:19 Town Patrol
Connection lost

Rejoining the realm…

Still unreachable

The connection could not be restored.

Session expired

The server has moved on; the page needs a fresh start.